 Dungeon Crawl Stone Soup version 0.24.0-37-gcf1ca852f1 (webtiles) character file.

Game seed: 4784779044301004146, levelgen mode: deterministic

2443 Raston the Chopper (level 9, -29/71 HPs)
             Began as a Human Berserker on Nov 22, 2019.
             Was a Priest of Trog.
             Annihilated by an orc warrior
             ... wielding a +0 battleaxe
              (38 damage)
             ... in a bailey.
             The game lasted 01:40:35 (10160 turns).

Raston the Chopper (Human Berserker)               Turns: 10160, Time: 01:40:38

Health: -29/71     AC:  9    Str: 18    XL:     9   Next: 78%
Magic:  9/9        EV: 15    Int: 12    God:    Trog [***...]
Gold:   126        SH:  0    Dex: 14    Spells: 8/8 levels left

rFire    . . .     SeeInvis .   a - +0 war axe
rCold    . . .     Gourm    .   (no shield)
rNeg     . . .     Faith    .   b - +1 animal skin
rPois    +         Spirit   .   E - +2 helmet {Int+3}
rElec    .         Reflect  .   p - +1 cloak
rCorr    .         Harm     .   v - +0 pair of gloves
MR       .....                  (no boots)
Stlth    ++........             (no amulet)
HPRegen  0.21/turn              G - ring "Ajasch" {+Fly rPois}
MPRegen  0.11/turn              (no ring)

@: berserk cooldown, slowed, very slow
A: no striking features
a: Berserk, Trog's Hand, Renounce Religion, Evoke Flight


You were in a bailey.
You worshipped Trog.
Trog was most pleased with you.
You were not hungry.

You visited 1 branch of the dungeon, and saw 7 of its levels.
You also visited: Bailey.

You collected 349 gold pieces.
You spent 223 gold pieces at shops.

Inventory:

Hand Weapons
 a - a +0 war axe (weapon)
 c - a +0 hand crossbow
 d - a +7 short sword of draining
 h - a +0 mace
 l - a +0 quarterstaff
 n - a +3 quarterstaff of chaos
 s - a +0 spear
 x - a +0 falchion
 D - a +1 hand axe of flaming
 I - a +2 spear of venom
 K - a +2 hand axe of chopping
Missiles
 H - 2 javelins (quivered)
Armour
 b - a +1 animal skin (worn)
 e - a +0 leather armour
 k - a +0 chain mail
 o - a +2 helmet
 p - a +1 cloak (worn)
 q - the +2 robe "Labomih" {rN+ Dex+4 Stlth+, unknown}
   (You found it on level 4 of the Dungeon)

   It affects your dexterity (+4).
   It protects you from negative energy.
   It makes you more stealthy.
 r - a +0 scale mail
 v - a +0 pair of gloves (worn)
 E - a +2 helmet of intelligence (worn)
 F - a +0 pair of gloves
 N - a +0 plate armour
Magical Staves
 M - an uncursed staff of power {unknown}
Jewellery
 G - the ring "Ajasch" (left hand) {+Fly rPois}
   (You found it on level 6 of the Dungeon)

   [ring of flight]

   It protects you from poison.
   It lets you fly.
Wands
 j - a wand of enslavement (12)
 L - a wand of iceblast (12)
Scrolls
 f - 4 scrolls of teleportation
 g - 7 scrolls of amnesia
 i - 5 scrolls of remove curse
 u - 3 scrolls of fear
Potions
 m - 4 potions of curing
 t - a potion of heal wounds
 w - 3 potions of might
 z - a potion of flight
 A - 2 potions of mutation
 B - a potion of lignification
 C - a potion of magic
 J - a potion of agility
Comestibles
 y - 5 rations


   Skills:
 * Level 6.4 Fighting
 + Level 3.6(5.0) Short Blades
 + Level 5.4(6.0) Long Blades
 * Level 6.8 Axes
 + Level 2.5 Throwing
 + Level 2.0 Armour
 * Level 5.1 Dodging
 + Level 2.5 Stealth
 + Level 0.3 Evocations


You had 8 spell levels left.
You didn't know any spells.
Your spell library contained the following spells:

 Spells                   Type           Power        Failure   Level  Hunger
 Beastly Appendage        Tmut           #.....       32%         1    ##.....
 Sticks to Snakes         Tmut           #.......     45%         2    ###....
 Spider Form              Tmut/Pois      #.........   69%         3    ####...
 Ice Form                 Ice/Tmut       #.......     97%         4    #####..
 Blade Hands              Tmut           #.........   100%        5    ######.


Dungeon Overview and Level Annotations

Branches:
Dungeon (7/15)             Temple (0/1) D:4          Bailey (1/1)

Altars:
Dithmenos
Gozag
Makhleb
Nemelex Xobeh
Ru
Sif Muna
Wu Jian

Shops:
D:4 %%*


Message History

You kill the orc knight!
Trog accepts your kill.
Your Dodging skill increases to level 5!
You closely miss the orc warrior. The orc warrior closely misses you.
You barely miss the orc warrior.
The orc warrior is lightly wounded.
You closely miss the orc warrior.
The orc warrior is lightly wounded.
The orc warrior hits you with a +0 battleaxe!!
* * * LOW HITPOINT WARNING * * *
You slash the orc warrior!
The orc warrior is severely wounded.
You hit the orc warrior.
The orc warrior is severely wounded.
You are no longer berserk.
You are exhausted.
You feel yourself slow down.
The orc warrior hits you with a +0 battleaxe!!!
Ouch! That really hurt!
You die...

###.$(...$}.###
#.............#
...............
...............
...........
....... #...#
###o### ##..@).##
#...8...#
#∩.....∩#
##.....##
####+++####
##≈.......≈#
#####≈≈.......≈≈#
#^'.'≈≈.......≈≈'.
#.###≈≈.......≈≈##


You could see an orc warrior.

Vanquished Creatures
  An orc knight (Bailey)
  Menkaure (D:4)
  A sky beast (D:7)
  An orc warrior (Bailey)
  An ogre (D:5)
  3 centaurs
  A crocodile (D:6)
  2 bullfrogs
  3 killer bees
  4 howler monkeys
  3 crimson imps (D:5)
  A gnoll shaman (D:7)
  4 hounds
  2 jellies (D:6)
  2 bullfrog skeletons (D:6)
  An orc priest (D:4)
  Crazy Yiuf (D:3)
  Jessica (D:3)
  Terence (D:2)
  An iguana (D:4)
  An orc wizard (D:6)
  6 worker ants
  A howler monkey zombie (D:4)
  Robin (D:2)
  5 gnolls (D:7)
  3 adders
  2 shadow imps (D:5)
  An ooze (D:4)
  An adder zombie (D:5)
  A worm (D:4)
  A dart slug (D:3)
  2 leopard geckos
  7 orcs
  5 bats
  8 giant cockroaches
  25 goblins
  16 hobgoblins
  3 jackals (D:2)
  15 kobolds
  3 quokkas
  A ball python (D:2)
  6 frilled lizards
  7 rats
156 creatures vanquished.

Notes
Turn   | Place    | Note
-------+----------+-------------------------------------------
     0 | D:1      | Raston the Human Berserker began the quest for the Orb.
     0 | D:1      | Reached XP level 1. HP: 18/18 MP: 1/1
   472 | D:1      | Reached XP level 2. HP: 24/24 MP: 2/2
  1035 | D:1      | Reached XP level 3. HP: 29/29 MP: 3/3
  1407 | D:2      | Noticed Terence
  1418 | D:2      | Found a shadowy altar of Dithmenos.
  1472 | D:2      | Noticed Robin
  1480 | D:2      | Reached ** piety under Trog
  1699 | D:2      | Reached XP level 4. HP: 31/37 MP: 4/4
  2579 | D:2      | Killed Robin
  3085 | D:2      | Killed Terence
  3085 | D:2      | Reached XP level 5. HP: 20/42 MP: 5/5
  3578 | D:3      | Found a runed translucent door.
  3579 | D:3      | Noticed Crazy Yiuf
  3736 | D:3      | Found a sacrificial altar of Ru.
  3761 | D:3      | Noticed Jessica
  4450 | D:3      | Killed Jessica
  4668 | D:3      | Killed Crazy Yiuf
  4668 | D:3      | Reached skill level 1 in Short Blades
  4668 | D:3      | Reached XP level 6. HP: 37/48 MP: 6/6
  4773 | D:4      | Found Rusmen's Food Boutique.
  4781 | D:4      | Reached skill level 5 in Long Blades
  4795 | D:4      | Bought a ration for 50 gold pieces
  4795 | D:4      | Bought a ration for 50 gold pieces
  4797 | D:4      | Noticed Menkaure
  4854 | D:4      | Reached skill level 1 in Stealth
  5048 | D:4      | Got a bloodstained robe
  5057 | D:4      | Found Teib Nai's Food Shop.
  5156 | D:4      | Found a staircase to the Ecumenical Temple.
  5162 | D:4      | Reached XP level 7. HP: 54/55 MP: 7/7
  5672 | D:4      | Killed Menkaure
  5672 | D:4      | Reached skill level 1 in Axes
  5933 | D:4      | Found Myntuwn's Assorted Antiques.
  6075 | D:4      | Bought a hand crossbow for 80 gold pieces
  6075 | D:4      | Bought a scroll labeled UKOETZ VEFIRY for 23 gold pieces
  6075 | D:4      | Bought a fizzy emerald potion for 20 gold pieces
  6237 | D:5      | Entered Level 5 of the Dungeon
  6288 | D:5      | Reached skill level 5 in Fighting
  6489 | D:5      | Reached XP level 8. HP: 49/62 MP: 8/8
  7252 | D:5      | Reached *** piety under Trog
  7467 | D:5      | Found an ornate altar of the Wu Jian Council.
  7467 | D:5      | Found a burning altar of Makhleb.
  7773 | D:6      | Reached skill level 1 in Throwing
  7975 | D:6      | Got a vibrating bronze ring
  7976 | D:6      | Identified the ring "Ajasch" {+Fly rPois} (You found it on
                  | level 6 of the Dungeon)
  7997 | D:6      | Reached XP level 9. HP: 53/69 MP: 9/9
  8418 | D:6      | Reached skill level 5 in Axes
  8597 | D:6      | Found a shimmering blue altar of Sif Muna.
  8777 | D:6      | Found a sparkling altar of Nemelex Xobeh.
  8777 | D:6      | Found an opulent altar of Gozag.
  9616 | D:7      | Found a flagged portal.
  9638 | Bailey   | Entered a bailey
 10135 | Bailey   | Noticed an orc knight
 10156 | Bailey   | Killed an orc knight
 10156 | Bailey   | Reached skill level 5 in Dodging
 10160 | Bailey   | Annihilated by an orc warrior

Levels and vault maps discovered:
D:1:      minmay_arrival_up_and_down, layout_basic, minmay_fountain_box,
          grunt_decor_arrowhead
D:2:      cheibrodos_greedy_goblins, layout_basic,
          nicolae_dithmenos_shadow_blocks, kennysheep_boxes, uniq_terence,
          uniq_robin
D:3:      layout_basic, nicolae_ru_awakened_eye, uniq_jessica,
          uniq_crazy_yiuf_cottage
D:4:      layout_cave_pools, minmay_temple_entry_wispy, serial_shops, shop,
          kennysheep_little_box, shop, first_ration, minmay_pentomino_pile,
          uniq_menkaure
D:5:      layout_loops_cross, gammafunk_temple_overflow_elements,
          minmay_crystal_room, minmay_pentangle
D:6:      layout_cave_pods, grunt_temple_overflow_opulence, lemuel_doored_altar
D:7:      layout_basic, grunt_temple_overflow_cloverleaf, serial_shops, shop,
          enter_bailey_2, grunt_ogre_cave, okawaru_ov_weapons_minmay
Bailey:   bailey_axe_3, bailey

Skill      XL: |  1  2  3  4  5  6  7  8  9 |
---------------+----------------------------+-----
Long Blades    | 4 5 |  5.4
Fighting       | 4 5 6 |  6.4
Short Blades   | 1 2 3 |  3.6
Stealth        | 1 2 |  2.5
Axes           | 2 4 6 |  6.8
Dodging        | 3 4 5 |  5.1
Throwing       | 1 2 |  2.5
Armour         | |  2.0
Evocations     | |  0.3

Action                   |  1- 3 |  4- 6 |  7- 9 || total
-------------------------+-------+-------+-------++-------
Melee: Falchion          |   112 |    79 |    23 ||   214
       Short sword       |       |    73 |    13 ||    86
       Hand axe          |       |       |   321 ||   321
       War axe           |       |       |    20 ||    20
Throw: Dart              |       |       |    17 ||    17
       Javelin           |       |       |    11 ||    11
       Throwing net      |       |       |     1 ||     1
Invok: Berserk           |       |     2 |     3 ||     5
 Abil: Evoke Flight      |       |       |     2 ||     2
  Use: Scroll            |     3 |     4 |    12 ||    19
       Potion            |       |     7 |       ||     7
 Stab: Sleeping          |     1 |     2 |     2 ||     5
  Eat: Chunk             |     2 |     3 |     4 ||     9
       Ration            |     1 |     2 |     5 ||     8
Armor: Animal skin       |    17 |    23 |   123 ||   163
       Leather armour    |     1 |       |       ||     1
Dodge: Dodged            |    64 |    87 |   290 ||   441
       Rpst.: Falchion   |    20 |    18 |     6 ||    44
